 Dungeon Crawl Stone Soup version 0.25.0-9-g26727b657a (webtiles) character file.

Game seed: 14372179089357950235

60594 Elvor the Severer (level 14, -12/138 HPs)
             Began as a Deep Dwarf Fighter on June 17, 2020.
             Was the Champion of Elyvilon.
             Mangled by an orc warrior
             ... wielding a +0 war axe
              (13 damage)
             ... on level 2 of the Orcish Mines.
             The game lasted 03:21:45 (16388 turns).

Elvor the Severer (Deep Dwarf Fighter)             Turns: 16388, Time: 03:21:45

Health: -12/138    AC: 25    Str: 23    XL:     14   Next: 57%
Magic:  14/14      EV: 19    Int: 11    God:    Elyvilon [******]
Gold:   1746       SH: 19    Dex: 18    Spells: 13/13 levels left

rFire    . . .     SeeInvis +   H - +1 war axe (flame)
rCold    . . .     Gourm    .   c - +0 kite shield
rNeg     + . .     Faith    .   X - +6 scale mail "Vojaest" {Dex+2}
rPois    .         Spirit   .   (no helmet)
rElec    .         Reflect  +   t - +1 cloak
rCorr    .         Harm     .   j - +0 pair of gloves
MR       ++...     NoTele   +   y - +0 pair of boots of the Seven Quests {-Tele Dex+4 SInv}
Stlth    ..........             F - amulet of reflection
HPRegen  0.00/turn              i - +4 ring of evasion
MPRegen  0.14/turn              W - +4 ring of protection

@: non-regenerating, studying Armour
A: damage resistance, heal wounds, negative energy resistance 1, sense
surroundings 2, no regeneration
a: Heal Wounds, Lesser Healing, Heal Other, Purification, Greater Healing,
Divine Vigour, Divine Protection, Renounce Religion


You were on level 2 of the Orcish Mines.
You worshipped Elyvilon.
Elyvilon was exalted by your worship.
You were not hungry.

You visited 4 branches of the dungeon, and saw 21 of its levels.

You collected 2012 gold pieces.
You spent 266 gold pieces at shops.

Inventory:

Hand Weapons
 p - a +2 long sword of holy wrath
 D - a +3 long sword of electrocution
 H - a +1 war axe of flaming (weapon)
 L - a +1 vorpal battleaxe
Missiles
 k - 4 boomerangs of dispersal
 A - 12 boomerangs
 U - 46 poisoned darts (quivered)
 Z - 6 curare-tipped darts
Armour
 c - a +0 kite shield (worn)
 j - a +0 pair of gloves (worn)
 t - a +1 cloak (worn)
 y - the +0 pair of boots of the Seven Quests (worn) {-Tele Dex+4 SInv}
   (You found it on level 4 of the Dungeon)

   It affects your dexterity (+4).
   It lets you see invisible.
   It prevents most forms of teleportation.
 X - the +6 scale mail "Vojaest" (worn) {Dex+2}
   (You found it on level 2 of the Lair of Beasts)

   It affects your dexterity (+2).
Jewellery
 i - a +4 ring of evasion (left hand)
 m - an uncursed ring of protection from cold
 x - an uncursed ring of positive energy
 E - an uncursed ring of see invisible
 F - an amulet of reflection (around neck)
 W - a +4 ring of protection (right hand)
Wands
 v - a wand of polymorph (2)
 w - a wand of flame (49)
 B - a wand of disintegration (2)
 P - a wand of paralysis (21)
 Q - a wand of iceblast (13)
Scrolls
 b - 6 scrolls of magic mapping
 h - 9 scrolls of amnesia
 n - 6 scrolls of enchant armour
 o - 4 scrolls of remove curse
 r - 12 scrolls of teleportation
 z - a scroll of fear
 G - a scroll of immolation
 N - a scroll of brand weapon
 O - a scroll of blinking
 R - 2 scrolls of fog
 S - 2 scrolls of vulnerability {unknown}
 V - a scroll of silence {unknown}
Potions
 d - 2 potions of might
 e - 4 potions of haste
 g - 3 potions of berserk rage
 l - 2 potions of invisibility
 q - a potion of mutation
 s - 4 potions of cancellation
 u - 3 potions of magic
 C - 10 potions of curing
 I - 3 potions of brilliance
 J - a potion of resistance
 T - a potion of lignification
Books
 a - a manual of Armour
Miscellaneous
 K - a lightning rod (4/4)
Comestibles
 f - 36 rations


   Skills:
 * Level 12.1 Fighting
 + Level 15.0 Axes
 + Level 3.0 Throwing
 * Level 12.6 Armour
 * Level 7.9 Dodging
 + Level 0.6 Stealth
 + Level 13.2 Shields
 + Level 6.0 Invocations
 + Level 1.7 Evocations


You had 13 spell levels left.
You didn't know any spells.
Your spell library contained the following spells:

 Spells                   Type           Power        Failure   Level  Hunger
 Ensorcelled Hibernation  Hex/Ice        #.....       80%         2    ###....
 Borgnjor's Vile Clutch   Necr/Erth      #.........   100%        5    ######.
 Silence                  Hex/Air        #.........   100%        5    ######.
 Darkness                 Hex            #.........   100%        6    #######
 Shadow Creatures         Summ           N/A          100%        6    #######


Dungeon Overview and Level Annotations

Branches:
Dungeon (12/15)            Temple (1/1) D:5            Lair (6/6) D:9
  Swamp (0/4) Lair:2        Snake (0/4) Lair:4        Slime (0/5) Lair:5
    Orc (2/2) D:10            Elf (0/3) Orc:2

Altars:
Ashenzari
Cheibriados
Dithmenos
Elyvilon
Fedhas
Gozag
Hepliaklqana
Kikubaaqudgha
Makhleb
Nemelex Xobeh
Okawaru
Qazlal
Ru
Sif Muna
Trog
Uskayaw
Vehumet
Wu Jian
Xom
Yredelemnul
Zin
The Shining One
Beogh
Jiyva

Shops:
D:7 !   D:11 [


Innate Abilities, Weirdness & Mutations

You are resistant to damage.
You can heal yourself by infusing magical energy.
You resist negative energy. (rN+)
You passively map the area around you.
You do not regenerate.


Message History

An orc warrior comes into view. It is wielding a +0 dire flail.
The orc knight shoots a bolt.
The bolt barely misses you.
An orc priest comes into view. It is wielding a +0 mace.
The orc priest shouts!
You hear a shout!
You hear a howl!
The orc sorcerer completely misses you.
An orc priest comes into view. It is wielding a +0 club.
You hear a shout!
Things that are here:
a +0 dagger; a +0 robe You slash the orc knight!
You burn the orc knight.
The orc knight is lightly wounded.
You hit the orc sorcerer. You burn the orc sorcerer. You hit the orc warrior.
You burn the orc warrior.
The orc knight unwields a +0 arbalest.
The orc knight wields a +0 war axe.
The orc knight misses you. The orc sorcerer casts a spell at you.
The bolt of fire hits you!!
* * * LOW HITPOINT WARNING * * *
An orc wizard comes into view. It is wielding a +0 dagger.
The orc warrior hits you with a +0 war axe!
You die... * o. , ** , ,,ooo

** , ,* ,, #o# ,
, #, ,,#o# ,
#..** , #.# , *,
#..# #o# ,*
#...####o####...
#....ooo....#
######@######
##.#####
###(.....##
##.#.....#.##
#....(......#
##.......#.##
#### ###.(..####
### # #..####
###...## ####.##
#
#...#.#####....##
#.....## ##


You could see an orc knight, an orc high priest (strong), an orc sorcerer
(strong), 3 orc warriors, 3 orc priests and an orc wizard.

Vanquished Creatures
  Rupert (Orc:1)
  Snorg (Orc:1)
  The ghost of Luam the Spear-Bearer, a journeyman OpFi of Cheibriados (Lair:5)
  Erolcha (Orc:1)
  4 hydras
  Harold (Orc:1)
  A catoblepas (Lair:6)
  Erica (Orc:1)
  The ghost of Haraddelas the Transmogrifier, a journeyman OpTm of Okawaru (Lair:2)
  3 two-headed ogres
  11 death yaks (Lair:6)
  A deep troll shaman (Lair:6)
  An orc high priest (Orc:2)
  Sonja (Lair:5)
  An unseen horror (D:11)
  2 orc knights
  An orc sorcerer (Orc:2)
  2 manticores (D:12)
  3 cyclopes
  5 elephants (Lair:6)
  3 black mambas
  Maurice (D:10)
  A gargoyle (D:12)
  2 centaur skeletons
  A rime drake (Lair:3)
  An orange demon (D:8)
  10 spiny frogs
  10 komodo dragons
  9 trolls
  A hornet (D:10)
  3 polar bears
  4 dream sheep (Lair:6)
  7 hippogriffs
  2 shadows (D:12)
  3 wyverns
  3 basilisks
  A wraith (D:10)
  A vampire (D:11)
  62 yaks
  A hungry ghost (D:11)
  3 vampire mosquitoes (D:12)
  6 water moccasins
  11 porcupines
  4 black bears
  11 orc warriors
  A sky beast (D:11)
  2 ice beasts
  13 wolves
  7 ogres
  4 phantoms
  3 necrophages (D:8)
  4 centaurs
  8 crocodiles
  A big kobold (D:12)
  14 bullfrogs
  8 scorpions
  18 killer bees
  5 wights
  An electric eel (Lair:5)
  4 howler monkeys
  A bullfrog zombie (D:5)
  A crimson imp (D:7)
  2 centaur zombies
  5 hounds
  A quasit (D:6)
  2 jellies
  16 orc priests
  2 iron imps (D:8)
  20 orc wizards
  5 bullfrog skeletons
  7 iguanas
  Ijyb (D:5)
  7 worker ants
  2 killer bee zombies (D:8)
  2 hound zombies
  2 worker ant zombies
  A howler monkey zombie (D:8)
  10 gnolls
  8 adders
  2 shadow imps
  An ooze (D:6)
  3 adder skeletons
  An adder zombie (D:8)
  3 worms
  2 dart slugs (D:1)
  5 leopard geckos
  60 orcs
  6 giant cockroaches
  2 goblins
  7 hobgoblins
  14 jackals
  11 kobolds
  A quokka (D:5)
  10 bats
  8 frilled lizards
  A quokka zombie (D:8)
  9 rats
  4 fungi (Lair:2)
  6 plants
548 creatures vanquished.

Vanquished Creatures (others)
  An orc (D:7)
  8 fungi
  5 plants
14 creatures vanquished.

Grand Total: 562 creatures vanquished

Notes
Turn   | Place    | Note
-------+----------+-------------------------------------------
     0 | D:1      | Elvor the Deep Dwarf Fighter began the quest for the Orb.
     0 | D:1      | Reached XP level 1. HP: 20/20 MP: 1/1
   150 | D:1      | Reached XP level 2. HP: 26/28 MP: 2/2
   551 | D:2      | Found a sacrificial altar of Ru.
   608 | D:2      | Reached skill level 3 in Axes
   608 | D:2      | Reached XP level 3. HP: 25/34 MP: 0/3
   671 | D:2      | Reached XP level 4. HP: 28/42 MP: 0/4
   999 | D:2      | Found a sparkling altar of Nemelex Xobeh.
  1070 | D:3      | HP: 2/42 [orc priest/divine providence (14)]
  1162 | D:3      | Reached skill level 1 in Dodging
  1162 | D:3      | Reached XP level 5. HP: 17/49 MP: 0/4
  1203 | D:3      | Reached skill level 4 in Axes
  1830 | D:3      | Found a radiant altar of Vehumet.
  2261 | D:4      | Got a pair of slimy boots
  2267 | D:4      | Identified the cursed +0 pair of boots of the Seven Quests
                  | {-Tele Dex+4 SInv} (You found it on level 4 of the Dungeon)
  2329 | D:4      | Reached XP level 6. HP: 55/57 MP: 0/4
  2527 | D:5      | Entered Level 5 of the Dungeon
  2643 | D:5      | Noticed Ijyb
  2674 | D:5      | Killed Ijyb
  2771 | D:5      | Reached skill level 5 in Axes
  2782 | D:5      | Reached skill level 5 in Shields
  2782 | D:5      | Reached XP level 7. HP: 56/66 MP: 0/4
  3326 | D:5      | Reached skill level 6 in Axes
  3439 | D:5      | Found a staircase to the Ecumenical Temple.
  3489 | Temple   | Entered the Ecumenical Temple
  3646 | Temple   | Became a worshipper of Elyvilon the Healer
  3811 | D:6      | Reached skill level 5 in Armour
  3811 | D:6      | Reached XP level 8. HP: 38/73 MP: 0/4
  3815 | D:6      | Reached skill level 5 in Fighting
  4042 | D:7      | Reached skill level 7 in Axes
  4306 | D:6      | Reached * piety under Elyvilon
  4901 | D:7      | Found Ciotea's Distillery.
  4912 | D:7      | Bought a potion of curing for 42 gold pieces
  4912 | D:7      | Bought a potion of heal wounds for 70 gold pieces
  4912 | D:7      | Bought a potion of curing for 42 gold pieces
  4912 | D:7      | Bought a potion of curing for 42 gold pieces
  4912 | D:7      | Bought a potion of berserk rage for 70 gold pieces
  4989 | D:7      | Reached skill level 8 in Axes
  4989 | D:7      | Gained mutation: You passively map the area around you.
                  | [Deep Dwarf growth]
  4989 | D:7      | Reached XP level 9. HP: 43/82 MP: 5/5
  5378 | D:8      | Reached skill level 1 in Invocations
  5461 | D:8      | Reached ** piety under Elyvilon
  5540 | D:8      | Noticed a hell beast
  5540 | D:8      | Noticed a rust devil
  5541 | D:8      | Found an ancient bone altar of Kikubaaqudgha.
  5542 | D:8      | Noticed an orange demon
  5794 | D:8      | Reached skill level 9 in Axes
  6110 | D:8      | Killed an orange demon
  6110 | D:8      | Reached skill level 1 in Throwing
  6209 | D:9      | Found a staircase to the Lair.
  6301 | D:9      | Reached XP level 10. HP: 87/94 MP: 7/7
  6439 | D:9      | Found a glowing silver altar of Zin.
  6549 | D:9      | Reached *** piety under Elyvilon
  6573 | D:9      | Found a basalt altar of Yredelemnul.
  6573 | D:9      | Found an iron altar of Okawaru.
  6606 | D:9      | Reached skill level 1 in Evocations
  6901 | D:10     | Entered Level 10 of the Dungeon
  6901 | D:10     | Noticed a two-headed ogre
  6918 | D:9      | Killed a two-headed ogre
  7215 | D:10     | Reached skill level 10 in Axes
  7322 | D:10     | Found a staircase to the Orcish Mines.
  7338 | D:10     | Paralysed by a hornet for 3 turns
  7342 | D:10     | Paralysed by a hornet for 2 turns
  7475 | D:9      | Found a hazy altar of Hepliaklqana.
  7591 | D:11     | Found a shadowy altar of Dithmenos.
  7591 | D:11     | Noticed a cyclops
  7631 | D:11     | Killed a cyclops
  7702 | D:11     | Reached XP level 11. HP: 67/103 MP: 8/8
  7913 | D:11     | Reached skill level 11 in Axes
  7913 | D:11     | Reached skill level 10 in Shields
  7934 | D:11     | Noticed an unseen horror
  7943 | D:11     | Killed an unseen horror
  8014 | D:11     | Noticed a two-headed ogre
  8026 | D:11     | Killed a two-headed ogre
  8152 | D:11     | Found Cuty's Armour Emporium.
  8799 | D:12     | Reached skill level 12 in Axes
  9056 | Lair:1   | Entered Level 1 of the Lair of Beasts
  9304 | Lair:1   | Reached XP level 12. HP: 90/115 MP: 11/11
  9396 | Lair:1   | Identified a scroll of acquirement
  9560 | Lair:1   | Reached **** piety under Elyvilon
  9734 | Lair:2   | Got a bloodstained robe
 10142 | Lair:2   | Reached skill level 10 in Fighting
 10399 | Lair:2   | Identified the +1 robe of the Tundras {rN+ Int+3} (You
                  | found it on level 2 of the Lair of Beasts)
 10792 | Lair:2   | Found a staircase to the Swamp.
 10792 | Lair:2   | Noticed a five-headed hydra
 10805 | Lair:2   | Killed a one-headed hydra
 10848 | Lair:2   | Got a shimmering scale mail
 10902 | Lair:2   | Found a large runed translucent door.
 10902 | Lair:2   | Found a large runed translucent door.
 10902 | Lair:2   | Noticed Haraddelas's ghost (journeyman OpTm)
 10980 | Lair:2   | Killed Haraddelas's ghost
 10980 | Lair:2   | Reached skill level 13 in Axes
 11009 | Lair:2   | Identified the +6 scale mail "Vojaest" {Dex+2} (You found
                  | it on level 2 of the Lair of Beasts)
 11300 | Lair:3   | Noticed a six-headed hydra
 11310 | Lair:3   | Killed a one-headed hydra
 11329 | Lair:3   | Reached ***** piety under Elyvilon
 11393 | Lair:3   | Reached skill level 5 in Dodging
 11418 | Lair:3   | Reached XP level 13. HP: 109/124 MP: 12/12
 12232 | Lair:4   | Reached skill level 10 in Armour
 12389 | Lair:4   | Found a staircase to the Snake Pit.
 12596 | Lair:4   | You fall into a shaft and drop 2 floors!
 12596 | Lair:6   | Entered Level 6 of the Lair of Beasts
 12660 | Lair:6   | Reached skill level 5 in Invocations
 12860 | Lair:6   | Reached skill level 14 in Axes
 13574 | Lair:6   | Gained mutation: You resist negative energy. (rN+) [Deep
                  | Dwarf growth]
 13574 | Lair:6   | Reached XP level 14. HP: 130/135 MP: 14/14
 13870 | Lair:5   | Found a viscous altar of Jiyva.
 13871 | Lair:5   | Found a staircase to the Slime Pits.
 13935 | Lair:5   | Noticed Sonja
 13951 | Lair:5   | Killed Sonja
 14049 | Lair:5   | Found a runed translucent gate.
 14386 | Lair:5   | Found a runed translucent gate.
 14390 | Lair:5   | Found a runed translucent gate.
 14408 | Lair:5   | Noticed Luam's ghost (journeyman OpFi)
 14425 | Lair:5   | Killed Luam's ghost
 14995 | Orc:1    | Entered Level 1 of the Orcish Mines
 14995 | Orc:1    | Noticed Maurice
 15020 | D:10     | Killed Maurice
 15184 | Orc:1    | Noticed Snorg
 15237 | Orc:1    | Killed Snorg
 15258 | Orc:1    | Noticed Erolcha
 15278 | Orc:1    | Killed Erolcha
 15413 | Orc:1    | Noticed Erica
 15428 | Orc:1    | Killed Erica
 15519 | Orc:1    | Noticed Harold
 15584 | Orc:1    | Killed Harold
 15730 | Orc:2    | Entered Level 2 of the Orcish Mines
 15730 | Orc:2    | Noticed Rupert
 15767 | Orc:1    | Killed Rupert
 15861 | Orc:2    | Found a staircase to the Elven Halls.
 15986 | Orc:2    | Reached skill level 15 in Axes
 16101 | Orc:2    | Found a roughly hewn altar of Beogh.
 16169 | Orc:2    | Reached ****** piety under Elyvilon
 16388 | Orc:2    | HP: 1/138 [orc sorcerer/bolt of fire (27)]
 16388 | Orc:2    | Mangled by an orc warrior

Illustrated notes

Levels and vault maps discovered:
D:1:      dpeg_arrival_pond, layout_basic
D:2:      layout_basic, nicolae_ru_path_of_blood, corexii_leaking_fountain,
          nemelex_spade_bored_becter
D:3:      layout_basic, vehumet_crystals, first_ration
D:4:      layout_rooms
D:5:      layout_cave_pods, temple_green, uniq_ijyb
D:6:      layout_basic
D:7:      layout_rooms, serial_shops, kennysheep_little_box,
          minmay_misc_feat_tower, grunt_ogre_cave
D:8:      layout_loops_corners, serial_undead, serial_undead_a, serial_undead_f,
          serial_undead_b, serial_undead_a, lemuel_hellish_altar
D:9:      layout_roguey, nicolae_overflow_hidden_temple, feat_on_display
D:10:     layout_roguey, orc_0_dummy
D:11:     layout_roguey, serial_shops, shop, minmay_ruined_shrine
D:12:     layout_roguey
Temple:   regret_index_temple_sphere_string
Lair:1:   layout_roguey
Lair:2:   layout_layer_cave, minmay_swamp_entry_reptiles,
          ebering_ghost_disaster_area, lemuel_fruit_fields
Lair:3:   layout_cave_pods, minivault_23, beast_lair_carwin_7
Lair:4:   layout_cave_pods, guppyfry_snake_entry_island, grunt_megastairs_4
Lair:5:   layout_regular_city, slime_altar_1, ebering_ghost_rock_garden,
          serial_bayou_shore_a, grunt_megastairs_2, uniq_sonja
Lair:6:   grunt_lair_end_beastmaster, layout_cave_shapes, lemuel_fruit_tree,
          infiniplex_staircase_pool_2
Orc:1:    layout_diamond_mine, nicolae_orc_stony_grotto, uniq_erica,
          uniq_erolcha, uniq_harold, uniq_maurice, uniq_snorg
Orc:2:    st_orc_elflike, layout_diamond_mine, david_defended_altar_orc,
          uniq_rupert

Skill      XL: |  1  2  3  4  5  6  7  8  9 10 11 12 13 14 |
---------------+-------------------------------------------+-----
Fighting       | 3 4 5 7 8 9 10 11 12 | 12.1
Axes           | 3 4 5 6 8 9 10 12 13 14 15 | 15.0
Shields        | 4 5 7 8 9 11 12 13 | 13.2
Dodging        | 1 2 5 6 7 |  7.9
Armour         | 4 5 6 7 9 11 12 | 12.6
Invocations    | 2 4 5 6 |  6.0
Throwing       | 1 2 3 |  3.0
Evocations     | 1 |  1.7
Stealth        | |  0.6

Action                   |  1- 3 |  4- 6 |  7- 9 | 10-12 | 13-15 || total
-------------------------+-------+-------+-------+-------+-------++-------
Melee: War axe           |    89 |   303 |   447 |   811 |   766 ||  2416
Throw: Dart              |       |       |    41 |       |    15 ||    56
       Boomerang         |       |       |     8 |     1 |       ||     9
       Javelin           |       |       |     5 |       |       ||     5
Invok: Lesser Healing    |       |       |    18 |    72 |    69 ||   159
 Abil: Heal Wounds       |       |    10 |     8 |       |     1 ||    19
Evoke: Wand              |       |       |     5 |     5 |     1 ||    11
  Use: Scroll            |       |     4 |    10 |    11 |     3 ||    28
       Potion            |       |       |       |     4 |     3 ||     7
  Eat: Chunk             |       |     7 |     8 |    24 |    15 ||    54
       Ration            |       |       |     2 |     2 |     3 ||     7
Armor: Scale mail        |    59 |   120 |    15 |    15 |   158 ||   367
       Plate armour      |       |       |   185 |   154 |       ||   339
Dodge: Dodged            |    34 |   102 |   114 |   176 |   297 ||   723
Block: Kite shield       |    64 |   168 |   346 |   645 |   589 ||  1812
       Reflection        |       |       |     2 |    11 |     9 ||    22
